 Dungeon Crawl Stone Soup version 0.27-a0-1342-ga99462a43c (webtiles) character file.

Game seed: 10493220337949491885

717 HAL9000 the Cutter (level 7, -8/34 HPs)
             Began as a Vine Stalker Brigand on June 27, 2021.
             Was a Believer of Wu Jian.
             Mangled by a skeletal warrior (21 damage)
             ... led by a skeletal warrior
             ... on level 6 of the Dungeon.
             The game lasted 00:09:09 (4460 turns).

HAL9000 the Cutter (Vine Stalker Brigand)           Turns: 4460, Time: 00:09:09

Health: -8/34      AC:  5    Str: 15    XL:     7   Next: 70%
Magic:  0/8        EV: 11    Int: 11    God:    Wu Jian [**....]
Gold:   235        SH:  0    Dex: 16    Spells: 3/6 levels left

rFire    . . .     SeeInvis .   e - +8 frozen axe "Frostbite" {freezing cloud, *Noise Fly rC+}
rCold    + . .     Faith    .   (shield currently unavailable)
rNeg     . . .     Spirit   +   b - +0 robe
rPois    .         Reflect  .   (no helmet)
rElec    .         Harm     .   c - +0 cloak
rCorr    .         Rampage  .   (no gloves)
Will     .....                  q - +1 pair of boots
Stlth    +++.......             s - amulet of the acrobat
HPRegen  1.11/turn              (no ring)
MPRegen  0.11/turn              (no ring)

@: flying
A: fangs 2, regeneration 1, magic shield, antimagic bite, no potion heal 2
a: Renounce Religion, Wall Jump


You were on level 6 of the Dungeon.
You worshipped Wu Jian.
Wu Jian was pleased with you.
You visited 1 branch of the dungeon, and saw 6 of its levels.

You collected 235 gold pieces.

Inventory:

Hand Weapons
 a - a +2 dagger
 e - the +8 frozen axe "Frostbite" (weapon) {freezing cloud, *Noise Fly rC+}
   (You found it on level 6 of the Dungeon)

   It has been specially enchanted to freeze those struck by it, causing extra
   injury to most foes and up to half again as much damage against particularly
   susceptible opponents.
   It can also slow down cold-blooded creatures.
   It protects you from cold.
   It grants you flight.
   It may make noises in combat.
Missiles
 d - 6 poisoned darts
 o - 2 javelins (quivered)
Armour
 b - a +0 robe (worn)
 c - a +0 cloak (worn)
 q - a +1 pair of boots (worn)
Jewellery
 p - a ring of fire
 s - an amulet of the acrobat (around neck)
Scrolls
 g - a scroll of torment {unknown}
 i - 3 scrolls of teleportation {unknown}
 l - 2 scrolls of magic mapping {unknown}
 n - 2 scrolls of enchant armour {unknown}
Potions
 f - a potion of degeneration {unknown}
 h - a potion of flight
 j - a potion of lignification {unknown}
 k - 2 potions of attraction
 m - a potion of curing {unknown}
 r - a potion of brilliance
 t - 3 potions of might
 u - 2 potions of berserk rage {unknown}


   Skills:
 - Level 1.7 Fighting
 - Level 5.0 Short Blades
 - Level 4.0 Throwing
 - Level 0.7 Dodging
 - Level 4.8 Stealth
 + Level 4.6 Hexes


You had 3 spell levels left.
You knew the following spells:

 Your Spells              Type           Power      Damage    Failure   Level
a - Confusing Touch       Hex            10%        N/A       16%         3

Your spell library contained the following spells:

 Spells                   Type           Power      Damage    Failure   Level
 Summon Small Mammal      Summ           0%         N/A       34%         1
 Summon Guardian Golem    Hex/Summ       5%         N/A       38%         3
 Call Imp                 Summ           0%         N/A       47%         2
 Call Canine Familiar     Summ           0%         N/A       71%         3
 Gell's Gravitas          Tloc           0%         N/A       71%         3
 Petrify                  Tmut/Erth      0%         N/A       98%         4
 Summon Ice Beast         Ice/Summ       0%         N/A       98%         4
 Summon Lightning Spire   Summ/Air       0%         N/A       98%         4
 Metabolic Englaciation   Hex/Ice        2%         N/A       98%         5
 Yara's Violent Unravell  Hex/Tmut       2%         3d3       98%         5


Dungeon Overview and Level Annotations

Branches:
Dungeon (6/15)
 Temple: D:4-7

Altars:
Wu Jian
The Shining One

Shops:
D:2 :


Innate Abilities, Weirdness & Mutations

You have extremely sharp teeth.
Your natural rate of healing is unusually fast.
When hurt, damage is shared between your health and your magic reserves.
Your bite disrupts and absorbs the magic of your enemies.
Potions cannot restore your health.


Message History

i - 3 scrolls labelled RYICLAUMEFF (gained 1)
j - a white potion You now have 235 gold pieces (gained 6).
A skeletal warrior comes into view. It is wielding a +0 glaive.
A skeletal warrior is nearby!
An ufetubus comes into view.
The ufetubus shouts!
A skeletal warrior comes into view. It is wielding a +0 battleaxe.
The ufetubus completely misses you. The ufetubus closely misses you.
You slash the ufetubus! You freeze the ufetubus.
You kill the ufetubus!
The Council accepts your kill.
Throw: 5 javelins
Press: ? - help, Q - select action, (/) - cycle Shift-Dir - straight line, f - skeletal warrior
Aim: a skeletal warrior, wielding a +0 glaive (62% to hit)
You throw a javelin.
The javelin barely misses the skeletal warrior.
Unknown command.
Throw: 4 javelins
Press: ? - help, Q - select action, (/) - cycle Shift-Dir - straight line, f/p - skeletal warrior
Aim: a skeletal warrior, wielding a +0 glaive (62% to hit)
You throw a javelin.
The javelin barely misses the skeletal warrior.
Unknown command.
Throw: 3 javelins
Press: ? - help, Q - select action, (/) - cycle Shift-Dir - straight line, f/p - skeletal warrior
Aim: a skeletal warrior, wielding a +0 glaive (62% to hit)
You throw a javelin.
The javelin pierces through the skeletal warrior but does no damage.
The skeletal warrior hits you from afar with a +0 glaive!
You lunge at the skeletal warrior.
You slice the skeletal warrior!! You freeze the skeletal warrior.
Your bite misses the skeletal warrior.
The skeletal warrior is moderately damaged.
The skeletal warrior hits you with a +0 glaive!!
Ouch! That really hurt!
You completely miss the skeletal warrior.
The skeletal warrior is moderately damaged.
The skeletal warrior hits you with a +0 glaive!!
Ouch! That really hurt!
You die...

##.....####.#####
##.....[.# #.#
#......(.# #.#
##........# #+#
##.........# ⌠ ⌠
####........#.##. .#
###.##.....####.#
#....##..z....#.#
#...###.@.......#
##......#.......#
#.......#.......###
#...######.........
##.......#...#.....
####...........##.....#
#.......#.............#
##.##..................#
#...###.................


You could see a skeletal warrior.

Vanquished Creatures
  3 ogres
  A scorpion (D:5)
  2 bullfrog zombies
  A jelly (D:6)
  An orc priest (D:3)
  Jessica (D:2)
  2 iguanas (D:5)
  An orc wizard (D:5)
  4 gnolls
  6 adders
  A howler monkey skeleton (D:5)
  3 ufetubi
  A worm (D:3)
  6 orcs
  5 ball pythons
  2 bats (D:1)
  3 endoplasms
  4 giant cockroaches
  6 goblins
  2 hobgoblins
  4 jackals (D:1)
  3 kobolds
  5 quokkas
  3 frilled lizards
  3 rats (D:1)
73 creatures vanquished.

Notes
Turn   | Place    | Note
-------+----------+-------------------------------------------
     0 | D:1      | HAL9000 the Vine Stalker Brigand began the quest for the
                  | Orb.
     0 | D:1      | Reached XP level 1. HP: 11/11 MP: 2/2
    77 | D:1      | Found a faded altar of an unknown god.
    89 | D:1      | Became a worshipper of the Wu Jian Council
    89 | D:1      | Reached * piety under Wu Jian
   173 | D:1      | Reached XP level 2. HP: 15/15 MP: 3/3
   966 | D:1      | Reached XP level 3. HP: 18/18 MP: 4/4
  1049 | D:2      | Found Jetovus's Book Boutique.
  1115 | D:2      | Reached ** piety under Wu Jian
  1366 | D:2      | Noticed Jessica
  1371 | D:2      | Killed Jessica
  1372 | D:2      | Gained mutation: Your natural rate of healing is unusually
                  | fast. [Vine Stalker growth]
  1372 | D:2      | Reached XP level 4. HP: 23/23 MP: 5/5
  1608 | D:2      | Reached skill level 2 in Short Blades
  1973 | D:3      | Reached XP level 5. HP: 12/26 MP: 2/6
  2105 | D:3      | Reached skill level 3 in Short Blades
  2680 | D:4      | Noticed an ogre
  2723 | D:3      | Killed an ogre
  2724 | D:3      | Reached skill level 4 in Short Blades
  2724 | D:3      | Reached XP level 6. HP: 25/30 MP: 1/7
  2849 | D:4      | Reached skill level 5 in Short Blades
  3606 | D:5      | Entered Level 5 of the Dungeon
  3629 | D:5      | Learned a level 3 spell: Confusing Touch
  3712 | D:5      | Reached skill level 1 in Hexes
  3814 | D:5      | Reached XP level 7. HP: 34/34 MP: 8/8
  4069 | D:5      | Found a glowing golden altar of the Shining One.
  4365 | D:6      | Found the +8 frozen axe "Frostbite" {freezing cloud, *Noise
                  | Fly rC+}
  4433 | D:6      | Noticed a skeletal warrior
  4438 | D:6      | Noticed a skeletal warrior
  4460 | D:6      | Mangled by a skeletal warrior

Illustrated notes

Levels and vault maps discovered:
D:1:      dpeg_arrival_round_c, layout_basic, ebering_ecumenical_altar_mist
D:2:      layout_loops_cross, serial_shops, nicolae_shop_crystal,
          kennysheep_jessica_study
D:3:      layout_loops_ring, minmay_misc_feat_encased
D:4:      layout_loops_corners
D:5:      layout_rooms, nicolae_tso_swordbearing_angel
D:6:      layout_cave_pools, temple_doors_ab, kennysheep_generic_room_7

Skill      XL: |  1  2  3  4  5  6  7 |
---------------+----------------------+-----
Throwing       | 2 3 4 |  4.0
Short Blades   | 2 4 5 |  5.0
Hexes          | 2 4 |  4.6
Fighting       | |  1.7
Dodging        | |  0.7
Stealth        | |  4.8

Action                   |  1- 3 |  4- 6 |  7- 9 || total
-------------------------+-------+-------+-------++-------
Melee: Dagger            |    67 |   135 |    55 ||   257
       Bite              |    13 |    28 |    19 ||    60
       Executioner's axe |       |       |     3 ||     3
Throw: Dart              |       |    10 |     8 ||    18
       Javelin           |       |       |     3 ||     3
Invok: Lunge             |    10 |    14 |     1 ||    25
       Whirlwind         |     1 |    15 |     4 ||    20
 Abil: Wall Jump         |       |       |     1 ||     1
  Use: Scroll            |       |     1 |     4 ||     5
 Stab: Sleeping          |     6 |    13 |     3 ||    22
Armor: Robe              |    16 |    20 |    12 ||    48
Dodge: Dodged            |    31 |    57 |    42 ||   130

Table legend: (Time is in decaauts)
 A = Elapsed time spent in this place.
 B = Non-inter-level travel time spent in this place.
 C = Inter-level travel time spent in this place.
 D = Time resting spent in this place.
 E = Time spent auto-exploring this place.
 F = Levels seen in this place.
 G = Mean time per level.
                   A        B        C        D        E       F      G
               +--------+--------+--------+--------+--------+-----+--------+
         Total |   4427 |   4178 |    249 |    371 |   3135 |   6 |  737.8 |
       Dungeon |   4427 |   4178 |    249 |    371 |   3135 |   6 |  737.8 |
               +--------+--------+--------+--------+--------+-----+--------+

Top non-repeatable levels by time:
     D:1: 1014 daAuts
     D:2: 906 daAuts
     D:3: 836 daAuts
     D:4: 830 daAuts
     D:5: 682 daAuts
     D:6: 157 daAuts
